AoeStats
← Chris77A

Black Forest

510318834Analyzed
2v2 RM · 20h ago on Sep 30, 2026· 75m 43s· 4 players
Game mode
Random Map
Map size
Medium (4 player)
Population
200
Speed
Normal
Resources
Standard
Victory
Conquest
Starting age
Dark Age
Ending age
Imperial Age
RankedLock teamsTeams togetherTeam positionsShared explorationLock speedFull tech treeHidden civsTurbo modeCheats
Victory
Defeat
🇬🇧 Teutons · United Kingdom
1297
+12
🇬🇧 Bohemians · United Kingdom
1197
+17
🇦🇷 Khmer · Argentina
1219
-15
🇨🇳 Berbers · China
1210
-14
彭大帅
5:48 Loom
10:47 Feudal Age
18:54 Castle Age
16:36 Horse Collar
16:49 Double-Bit Axe
17:55 Gold Mining
28:14 Wheelbarrow
32:10 Imperial Age
32:47 Hand Cart
33:09 Gold Shaft Mining
32:53 Bow Saw
33:31 Conscription
33:41 Fletching
34:18 Town Watch
35:43 Chemistry
35:08 Heavy Plow
35:36 Ballistics
35:21 Bodkin Arrow
36:48 Crop Rotation
36:24 Bracer
40:43 Siege Engineers
40:54 Kasbah
42:38 Maghrebi Camels
42:54 Husbandry
43:05 Bloodlines
43:11 Caravan
43:41 Coinage
43:21 Guilds
43:23 Light Cavalry
45:00 Hussar
45:34 Elite Camel Archer
52:06 Scale Barding Armor
52:12 Forging
54:34 Banking
56:39 Chain Barding Armor
56:56 Iron Casting
66:18 Plate Barding Armor
66:09 Elite Skirmisher
lenhhoxung
6:47 Loom
11:57 Feudal Age
16:40 Castle Age
14:54 Double-Bit Axe
15:17 Gold Mining
15:18 Horse Collar
19:31 Scale Barding Armor
21:12 Husbandry
22:36 Town Watch
24:20 Chain Barding Armor
24:41 Bloodlines
28:29 Wheelbarrow
29:28 Forging
28:40 Light Cavalry
29:45 Town Patrol
30:39 Stone Mining
34:42 Imperial Age
34:05 Hand Cart
36:02 Plate Barding Armor
37:12 Caravan
37:51 Bow Saw
39:24 Chemistry
39:19 Conscription
39:36 Double Crossbow
40:08 Elite Ballista Elephant
42:16 Siege Engineers
44:41 Iron Casting
43:57 Hussar
46:34 Cavalier
49:04 Blast Furnace
49:00 Tusk Swords
49:00 Elite Battle Elephant
50:18 Fletching
56:54 Bodkin Arrow
60:02 Hoardings
62:36 Elite Skirmisher
65:43 Crossbowman
68:17 Arbalester
69:39 Bracer
69:40 Padded Archer Armor
70:30 Ballistics
71:50 Leather Archer Armor
73:13 Ring Archer Armor
Chris77A
0:53 Loom
11:10 Feudal Age
16:51 Castle Age
15:51 Double-Bit Axe
15:49 Horse Collar
18:53 Wheelbarrow
22:52 Town Watch
26:19 Hand Cart
26:17 Bow Saw
26:21 Heavy Plow
26:06 Pikeman
41:38 Imperial Age
39:34 Town Patrol
40:02 Gold Mining
41:14 Bloodlines
41:28 Scale Barding Armor
41:14 Fletching
42:26 Fortified Wall
43:29 Chemistry
42:36 Siege Engineers
43:06 Conscription
42:53 Onager
44:35 Crenellations
44:04 Cavalier
44:53 Bodkin Arrow
45:04 Squires
45:38 Block Printing
45:52 Illumination
46:05 Ironclad
46:22 Hoardings
45:34 Halberdier
47:35 Siege Onager
49:17 Scale Mail Armor
49:38 Chain Barding Armor
49:28 Forging
49:20 Arson
50:15 Chain Mail Armor
50:25 Chain Barding Armor
54:21 Caravan
55:58 Plate Mail Armor
56:04 Iron Casting
56:05 Plate Barding Armor
NoobMonk14
4:30 Loom
11:36 Feudal Age
12:41 Double-Bit Axe
15:12 Forging
19:25 Castle Age
17:15 Horse Collar
20:33 Bow Saw
22:38 Chemistry
22:22 Fletching
23:43 Wheelbarrow
24:54 Town Watch
29:55 Ballistics
34:06 Imperial Age
32:33 Masonry
33:41 Hand Cart
32:59 Elite Skirmisher
34:07 Elite Skirmisher
35:45 Bodkin Arrow
37:50 Elite Hussite Wagon
38:51 Conscription
41:03 Two-Man Saw
40:39 Heavy Plow
41:54 Houfnice
42:51 Siege Engineers
42:17 Pikeman
42:58 Squires
42:43 Arson
42:57 Halberdier
47:40 Scale Mail Armor
48:15 Iron Casting
47:41 Bracer
47:41 Padded Archer Armor
49:21 Chain Mail Armor
51:08 Blast Furnace
49:30 Light Cavalry
50:11 Husbandry
53:44 Bombard Tower
53:20 Murder Holes
54:09 Caravan
58:36 Fervor
58:48 Sanctity
70:37 Scale Barding Armor
70:58 Leather Archer Armor
Connection lost

Rejoining the realm…

Still unreachable

The connection could not be restored.

Session expired

The server has moved on; the page needs a fresh start.